 Dungeon Crawl Stone Soup version 0.31-a0-355-g57cb03d3e8 (webtiles) character file.

Game seed: 15329614018158331677

12532 Newt the Nimble (level 11, -1/92 HPs)
             Began as a Green Draconian Shapeshifter on July 24, 2023.
             Was a Priest of Makhleb.
             Killed from afar by an electric eel (11 damage)
             ... with a bolt of electricity
             ... on level 2 of the Lair of Beasts.
             The game lasted 00:13:31 (10640 turns).

Newt the Nimble (Green Draconian Shapeshifter)     Turns: 10640, Time: 00:13:33

Health: -1/92      AC:  7    Str: 27    XL:     11   Next: 63%
Magic:  14/14      EV: 17    Int:  9    God:    Makhleb [***...]
Gold:   531        SH:  0    Dex: 12    Spells: 8/10 levels left

rFire   + . .        h - melded +4 spear (elec)
rCold   . . .        (shield currently unavailable)
rNeg    . . .        (body armour unavailable)
rPois   +            (helmet restricted)
rElec   .            (no cloak)
rCorr   .            (gloves currently unavailable)
SInv    .            (no boots)
Will    +....        u - amulet of regeneration
Stlth   +            l - +6 ring of strength
HPRegen 1.15/turn    B - +4 ring of slaying
MPRegen 0.14/turn

%: no passive effects
@: blade hands, studying 2 skills, very slow
A: breathe noxious fumes, AC +7, unfitting armour, poison resistance,
cold-blooded, stinger 1, fire resistance 1, strong-willed 1
a: Breathe Noxious Fumes, Begin Untransformation, Renounce Religion, Minor
Destruction, Lesser Servant of Makhleb


You were on level 2 of the Lair of Beasts.
You worshipped Makhleb.
Makhleb was most pleased with you.
You had blades for hands.
You visited 3 branches of the dungeon, and saw 11 of its levels.
You also visited: Sewer.

You collected 531 gold pieces.

Inventory:

Hand Weapons
 h - a +4 spear of electrocution (melded)
 k - a +1 dagger of venom
 v - the +5 spear "Haupp" {chaos, Stlth+}
   (You took it off a gnoll on level 4 of the Dungeon)

   Stlth:     It makes you more stealthy.
Missiles
 n - 5 throwing nets
Jewellery
 l - a +6 ring of strength (left blade hand)
 u - an amulet of regeneration (around neck)
 B - a +4 ring of slaying (right blade hand)
 E - an amulet of faith
 F - a +6 ring of intelligence
Talismans
 a - a dragon-blood talisman
 b - a beast talisman
 f - a maw talisman
 i - a blade talisman
Wands
 r - a wand of mindburst (9)
 t - a wand of light (2)
 w - a wand of polymorph (9)
 y - a wand of flame (21)
 z - a wand of charming (18)
Scrolls
 c - 2 scrolls of fog
 g - 2 scrolls of blinking
 j - 4 scrolls of identify
 p - 2 scrolls of fear
 q - 2 scrolls of amnesia
 C - a scroll of teleportation
 G - a scroll of enchant weapon
Potions
 d - 4 potions of curing
 e - 3 potions of enlightenment
 m - a potion of might
 o - 2 potions of ambrosia
 s - a potion of haste
 x - a potion of mutation
 A - 2 potions of attraction
 D - a potion of heal wounds


   Skills:
 - Level 7.0 Fighting
 - Level 3.0 Short Blades
 - Level 2.3 Polearms
 - Level 12.0 Dodging
 - Level 8.0 Unarmed Combat
 + Level 5.2 Invocations
 - Level 6.0 Evocations
 - Level 9.0 Shapeshifting


You had 8 spell levels left.
You knew the following spells:

 Your Spells              Type           Power      Damage    Failure   Level
a - Wereblood             Tmut           0%         N/A       88%         2

Your spell library contained the following spells:

 Spells                   Type           Power      Damage    Failure   Level
 Ensorcelled Hibernation  Hex/Ice        0%         N/A       88%         2
 Sublimation of Blood     Necr           0%         N/A       88%         2
 Anguish                  Hex/Necr       0%         N/A       100%        4
 Summon Hydra             Summ           0%         N/A       100%        7


Dungeon Overview and Level Annotations

Branches:
Dungeon (8/15)             Temple (1/1) D:4            Lair (2/5) D:8
  Sewer (visited)
  Swamp: Lair:2-3    Shoals: Lair:2-3     Snake: Lair:2-3    Spider: Lair:2-3

Altars:
Ashenzari
Cheibriados
Dithmenos
Elyvilon
Fedhas
Gozag
Hepliaklqana
Kikubaaqudgha
Makhleb
Nemelex Xobeh
Okawaru
Qazlal
Ru
Sif Muna
Trog
Uskayaw
Vehumet
Wu Jian
Xom
Yredelemnul
Zin

Portals:
Abyss: D:5

Annotations:
D:4 Pikel
D:5 2 transporters, Newt's ghost, novice DrSh


Innate Abilities, Weirdness & Mutations

You have blades for hands.
Your spellcasting is less reliable in this form.
You are incapable of wielding weapons or throwing items.
You can breathe blasts of noxious fumes.
Your lurid green scales are hard. (AC +7)
You cannot fit into any form of body armour.
Your system is resistant to poisons. (rPois)
You are cold-blooded and may be slowed by cold attacks.
Your tail ends in a venomous barb.
Your flesh is heat resistant. (rF+)
You are strong-willed. (Will+)


Message History

The electric eel shoots out a bolt of lightning at you!
The bolt of electricity hits you.
The electric eel shoots out a bolt of lightning at you!
The bolt of electricity hits you! The bolt of electricity hits you.
The bolt of electricity hits the electric eel.
The electric eel completely resists.
The electric eel shoots out a bolt of lightning at you!
The bolt of electricity hits you. The bolt of electricity hits you!
The bolt of electricity hits the electric eel.
The electric eel completely resists.
The electric eel shoots out a bolt of lightning at you!
The bolt of electricity hits you! x2
The bolt of electricity hits the electric eel.
The electric eel completely resists.
You miss the electric eel. You tail-slap the electric eel.
The electric eel is moderately wounded.
The electric eel shoots out a bolt of lightning at you!
The bolt of electricity hits you! x2
* * * LOW HITPOINT WARNING * * *
The bolt of electricity hits the electric eel.
The electric eel completely resists.
Your unstable footing causes you to fumble your attack.
The electric eel shoots out a bolt of lightning at you!
The bolt of electricity hits you.
* * * LOW HITPOINT WARNING * * *
The bolt of electricity hits you!
* * * LOW HITPOINT WARNING * * *
The bolt of electricity hits the electric eel.
The electric eel completely resists.
Unknown command.
Okay, then.
Okay, then.
Okay, then.
Aiming: Breathe Noxious Fumes (3% risk of failure)
Press: ? - help, Q - select action, (/) - cycle Shift-Dir - straight line, f - electric eel
Aim: an electric eel (water, moderately wounded, 37% to hit)
You fail to use your ability.
The electric eel shoots out a bolt of lightning at you!
The bolt of electricity hits you!
You die...

## ~ ~ ##~ #~###
#~~~# ## #Sā‰ˆ~#
... #@~~# ...###
#~####
......###~~~#
......#.#ā‰ˆ~~#
........#)~~# #
........'####.###
....[............
#..........##.PP#
#..........# #


You could see an electric eel.

Vanquished Creatures
  A boulder beetle (Lair:2)
  3 death yaks
  A merfolk siren (Lair:2)
  4 elephants (Lair:1)
  4 cane toads
  Maggie (D:6)
  3 komodo dragons (Lair:1)
  A rime drake (Lair:1)
  A polar bear (Lair:1)
  A merfolk (Lair:2)
  5 blink frogs (Lair:1)
  3 yaks (Lair:2)
  A wyvern (D:8)
  A basilisk (Lair:1)
  Eustachio (D:3)
  Menkaure (D:4)
  A steam dragon (D:8)
  The ghost of deremet the Sneak, an amateur OpEE of Zin (D:4)
  A water moccasin (Lair:1)
  4 orc warriors
  3 ice beasts
  A black bear (D:4)
  A centaur (D:8)
  A lemure (D:3)
  A phantom (D:7)
  3 kobold brigands
  5 bullfrogs
  A scorpion (D:7)
  9 killer bees (D:8)
  2 howler monkeys
  5 jellies
  8 hounds
  4 orc priests
  2 sleepcaps
  3 gnoll boudas
  Ijyb (D:5)
  4 iguanas
  7 orc wizards
  23 gnolls
  10 adders
  2 river rats (Sewer)
  3 white imps
  2 worms (D:4)
  4 dart slugs (D:2)
  28 orcs
  5 bats
  4 endoplasms
  7 giant cockroaches
  12 goblins
  6 hobgoblins
  A jackal (Sewer)
  4 quokkas
  5 ball pythons
  6 frilled lizards
  16 kobolds
  6 rats
244 creatures vanquished.

Notes
Turn   | Place    | Note
-------+----------+-------------------------------------------
     0 | D:1      | Newt the Draconian Shapeshifter began the quest for the
                  | Orb.
     0 | D:1      | Reached XP level 1. HP: 16/16 MP: 1/1
   268 | D:1      | Reached XP level 2. HP: 23/25 MP: 2/2
   810 | D:2      | Reached XP level 3. HP: 17/31 MP: 3/3
  1105 | D:2      | Found a blossoming altar of Fedhas.
  1396 | D:2      | Reached XP level 4. HP: 30/40 MP: 4/4
  1635 | D:3      | Reached skill level 1 in Short Blades
  2047 | D:3      | Reached XP level 5. HP: 38/46 MP: 5/5
  2403 | D:4      | Found a glowing drain.
  2418 | Sewer    | Entered a sewer
  2514 | Sewer    | HP: 1/46 [poisoned by a kobold brigand (curare-tipped
                  | dart)]
  2523 | Sewer    | Reached XP level 6. HP: 11/52 MP: 6/6
  2780 | Sewer    | Found a white marble altar of Elyvilon.
  3093 | D:4      | Reached skill level 5 in Shapeshifting
  3556 | D:4      | Your scales start taking on a lurid green colour.
  3556 | D:4      | Reached XP level 7. HP: 56/59 MP: 7/7
  3556 | D:4      | Gained mutation: Your system is resistant to poisons.
                  | (rPois) [Green Draconian growth]
  3589 | D:4      | Noticed Menkaure
  3602 | D:4      | Killed Menkaure
  3797 | D:4      | Found a transporter.
  3797 | D:4      | Found a transporter.
  4200 | D:4      | Found a sacrificial altar of Ru.
  4224 | D:4      | Noticed Pikel
  4395 | D:4      | Noticed Eustachio
  4415 | D:3      | Killed Eustachio
  4610 | D:4      | Found a radiant altar of Vehumet.
  4626 | D:4      | Identified the +5 spear "Haupp" {chaos, Stlth+}
  4632 | D:4      | Noticed deremet's ghost (amateur OpEE)
  4752 | D:4      | Found a staircase to the Ecumenical Temple.
  4763 | Temple   | Entered the Ecumenical Temple
  4774 | Temple   | Became a worshipper of Makhleb the Destroyer
  5056 | D:4      | Reached XP level 8. HP: 66/66 MP: 8/8
  5072 | D:4      | Killed deremet's ghost
  5201 | D:5      | Entered Level 5 of the Dungeon
  5361 | D:5      | Found a transporter.
  5391 | D:5      | Found an opulent altar of Gozag.
  5507 | D:5      | Noticed Newt's ghost (novice DrSh)
  5518 | D:5      | Found a one-way gate to the infinite horrors of the Abyss.
  5535 | D:5      | Found a transporter.
  5584 | D:5      | Noticed Ijyb
  5589 | D:5      | Killed Ijyb
  5762 | D:5      | Reached * piety under Makhleb
  6535 | D:6      | Noticed Maggie
  6550 | D:6      | Killed Maggie
  6793 | D:6      | Reached skill level 1 in Polearms
  6824 | D:6      | Reached XP level 9. HP: 71/71 MP: 9/9
  6838 | D:6      | HP: 1/71 [orc warrior/+0 glaive (13)]
  7123 | D:6      | Found a basalt altar of Yredelemnul.
  7540 | D:7      | Reached skill level 5 in Unarmed Combat
  7783 | D:7      | Reached ** piety under Makhleb
  8119 | D:8      | Reached skill level 2 in Dodging
  8192 | D:8      | Found a glowing silver altar of Zin.
  8209 | D:8      | Reached skill level 3 in Dodging
  8212 | D:8      | Reached skill level 4 in Dodging
  8237 | D:8      | Found an iron altar of Okawaru.
  8248 | D:8      | Reached skill level 5 in Dodging
  8365 | D:8      | Noticed a death yak
  8366 | D:8      | Noticed a death yak
  8389 | D:7      | Killed a death yak
  8390 | D:7      | Reached skill level 7 in Dodging
  8390 | D:7      | Reached XP level 10. HP: 14/80 MP: 10/10
  8750 | D:8      | Noticed a death yak
  8758 | D:7      | Killed a death yak
  8759 | D:7      | Reached skill level 5 in Fighting
  8880 | D:8      | Killed a death yak
  9085 | D:8      | Found a snail-covered altar of Cheibriados.
  9097 | D:8      | Found a staircase to the Lair.
  9115 | D:8      | Found a shadowy altar of Dithmenos.
  9127 | D:8      | Reached skill level 8 in Dodging
  9493 | Lair:1   | Entered Level 1 of the Lair of Beasts
  9501 | Lair:1   | Reached skill level 9 in Dodging
  9515 | Lair:1   | Reached *** piety under Makhleb
  9519 | Lair:1   | Learned a level 2 spell: Wereblood
  9546 | Lair:1   | Reached skill level 10 in Dodging
  9634 | Lair:1   | Reached skill level 11 in Dodging
  9763 | Lair:1   | Noticed a cane toad
  9768 | Lair:1   | Killed a cane toad
  9785 | Lair:1   | Reached XP level 11. HP: 54/92 MP: 11/11
  9977 | Lair:1   | Reached skill level 12 in Dodging
  9981 | Lair:1   | Reached skill level 1 in Evocations
 10135 | Lair:1   | Reached skill level 5 in Evocations
 10361 | Lair:1   | Gained mutation: Your body sometimes deteriorates upon
                  | taking damage. [potion of mutation]
 10361 | Lair:1   | Gained mutation: You are vulnerable to cold. (rC-) [potion
                  | of mutation]
 10362 | Lair:1   | Lost mutation: Your body sometimes deteriorates upon taking
                  | damage. [potion of mutation]
 10362 | Lair:1   | Lost mutation: You are vulnerable to cold. (rC-) [potion of
                  | mutation]
 10362 | Lair:1   | Gained mutation: Your tail ends in a venomous barb. [potion
                  | of mutation]
 10362 | Lair:1   | Gained mutation: You are strong-willed. (Will+) [potion of
                  | mutation]
 10362 | Lair:1   | Gained mutation: Your flesh is heat resistant. (rF+)
                  | [potion of mutation]
 10397 | Lair:2   | Reached skill level 1 in Invocations
 10566 | Lair:2   | Noticed a boulder beetle
 10581 | Lair:2   | Killed a boulder beetle
 10634 | Lair:2   | Reached skill level 5 in Invocations
 10640 | Lair:2   | Killed from afar by an electric eel

Illustrated notes

Levels and vault maps discovered:
D:1:      psy_arrival_basics, layout_loops_ring
D:2:      cheibrodos_old_hovel, layout_rooms, basic_altar, minmay_puff
D:3:      layout_loops_ring, serial_bayou_lagoon_a
D:4:      layout_cave_pools, old_standard_altar, kennysheep_mini_moat,
          minmay_temple_entry_nine_rooms, gammafunk_ghost_gnarly_gnolls,
          cheibrodos_sewer_entry_bend, chequers_mini_garden, minmay_manual_maat,
          uniq_pikel, uniq_eustachio, uniq_menkaure
D:5:      layout_loops_ring, grunt_gozag_statues,
          gammafunk_ghost_abyssal_escape, uniq_ijyb
D:6:      layout_basic, mainiacjoe_overflow_tiny_flanked, uniq_maggie
D:7:      layout_basic
D:8:      layout_cave_pools, mainiacjoe_overflow_cross_hatched,
          mainiacjoe_overflow_small_starburst, mainiacjoe_overflow_alcove_1,
          mainiacjoe_overflow_chevrons, dpeg_lair_monsters
Temple:   cyrus_circular_temple
Lair:1:   layout_chaotic_city, lemuel_fruit_fields
Lair:2:   gammafunk_worm_tunnel, layout_cave_shapes, elwin_shoals_entry_rooms,
          small_statue_intersection, minivault_11, nzn_sisyphean_effort,
          uniq_gastronok, uniq_nergalle

Skill      XL: |  1  2  3  4  5  6  7  8  9 10 11 |
---------------+----------------------------------+-----
Fighting       | 2 3 4 7 |  7.0
Short Blades   | 2 3 |  3.0
Shapeshifting  | 4 5 7 9 |  9.0
Unarmed Combat | 4 8 |  8.0
Polearms       | 1 2 |  2.3
Dodging        | 7 11 12 | 12.0
Evocations     | 6 |  6.0
Invocations    | 5 |  5.2

Action                     |  1- 3 |  4- 6 |  7- 9 | 10-12 || total
---------------------------+-------+-------+-------+-------++-------
  Melee: Unarmed           |   100 |       |   100 |   159 ||   359
         Tailslap          |    12 |    20 |    33 |    29 ||    94
         Punch             |     2 |     4 |     5 |    12 ||    23
         Dagger            |       |   150 |    84 |       ||   234
         Spear             |       |       |   120 |       ||   120
         Maw               |       |       |     1 |       ||     1
  Throw: Throwing net      |       |     1 |     4 |       ||     5
Ability: Breathe Noxious F |       |       |     1 |       ||     1
    Use: Scroll            |     5 |     7 |     6 |     2 ||    20
         Potion            |       |     4 |     4 |     2 ||    10
   Stab: Sleeping          |     1 |     1 |     2 |       ||     4
         Invisible         |       |       |     1 |       ||     1
         Held in net/web   |       |       |     1 |       ||     1
 Armour: Skin              |    26 |    32 |    65 |    31 ||   154
  Dodge: Dodged            |    67 |    71 |   163 |   115 ||   416
   Form: Maw               |       |       |     1 |       ||     1
         Blade             |       |       |     1 |       ||     1

Table legend: (Time is in decaauts)
 A = Elapsed time spent in this place.
 B = Non-inter-level travel time spent in this place.
 C = Inter-level travel time spent in this place.
 D = Time resting spent in this place.
 E = Time spent auto-exploring this place.
 F = Levels seen in this place.
 G = Mean time per level.
                   A        B        C        D        E       F      G
               +--------+--------+--------+--------+--------+-----+--------+
         Total |  10649 |  10337 |    312 |   3249 |   5455 |  12 |  887.4 |
       Dungeon |   9047 |   8782 |    265 |   2876 |   4560 |   8 | 1130.9 |
        Temple |     22 |      1 |     21 |      0 |      0 |   1 |   22.0 |
          Lair |   1133 |   1107 |     26 |    129 |    779 |   2 |  566.5 |
         Sewer |    446 |    446 |      0 |    244 |    116 |   1 |  446.0 |
               +--------+--------+--------+--------+--------+-----+--------+

Top non-repeatable levels by time:
     D:4: 2035 daAuts
     D:6: 1185 daAuts
     D:5: 1124 daAuts
     D:3: 1107 daAuts
     D:7: 1034 daAuts
     D:8: 940 daAuts
     D:2: 887 daAuts
  Lair:1: 883 daAuts
     D:1: 732 daAuts
   Sewer: 446 daAuts
  Lair:2: 250 daAuts
  Temple: 22 daAuts
